 Dungeon Crawl Stone Soup version 0.29.0-7-g18a832c13a (webtiles) character file.

Game seed: 12337979994168915003

71 Tirrikindir the Shield-Bearer (level 4, -1/31 HPs)
             Began as an Octopode Fighter on Aug 30, 2022.
             Was a Follower of Elyvilon.
             Splashed by a jelly's acid (4 damage)
             ... on level 2 of the Dungeon.
             The game lasted 00:02:55 (1393 turns).

Tirrikindir the Shield-Bearer (Octopode Fighter)    Turns: 1393, Time: 00:02:56

Health: -1/31      AC: -7    Str: 15    XL:     4   Next: 24%
Magic:  4/4        EV: 13    Int: 10    God:    Elyvilon [*.....]
Gold:   112        SH:  5    Dex: 13    Spells: 3/3 levels left

rFire   . . .      SeeInvis .   a - +1 long sword
rCold   . . .      Faith    .   b - +0 buckler
rNeg    . . .      Spirit   .   (helmet restricted)
rPois   .          Reflect  .   (no amulet)
rElec   .          Harm     .   (no ring)
rCorr   .          Rampage  .   (no ring)
Will    .....                   (no ring)
Stlth   +++.......              (no ring)
HPRegen 0.10/turn               (no ring)
MPRegen 0.09/turn               (no ring)
                                (no ring)
                                (no ring)

@: corroded
A: almost no armour, amphibious, 8 rings, camouflage 1, gelatinous body 1,
(nimble swimmer 1), tentacles
a: Renounce Religion, Purification


You were on level 2 of the Dungeon.
You worshipped Elyvilon.
Elyvilon was aware of your devotion.
You visited 1 branch of the dungeon, and saw 2 of its levels.

You collected 112 gold pieces.

Inventory:

Hand Weapons
 a - a +1 long sword (weapon)
 k - a +0 short sword of protection
Missiles
 i - 3 poisoned darts (quivered)
Armour
 b - a +0 buckler (worn)
Scrolls
 d - a scroll of fear
 e - 2 scrolls of identify {unknown}
Potions
 c - a potion of might
 f - 2 potions of cancellation {unknown}
 g - 2 potions of haste {unknown}
 h - 2 potions of brilliance {unknown}
 j - a potion of curing {unknown}
 l - 2 potions of attraction {unknown}
 m - a potion of mutation {unknown}


   Skills:
 + Level 3.3 Fighting
 * Level 2.8 Long Blades
 + Level 3.3 Dodging
 + Level 2.0 Stealth
 + Level 3.4 Shields
 + Level 0.7 Invocations


You had 3 spell levels left.
You didn't know any spells.
Your spell library was empty.

Dungeon Overview and Level Annotations

Branches:
Dungeon (2/15)

Altars:
Elyvilon

Shops:
D:2 !


Innate Abilities, Weirdness & Mutations

You cannot wear most types of armour.
You are amphibious.
You can wear up to eight rings at the same time.
Your skin changes colour to match your surroundings (Stealth+).
Your rubbery body absorbs attacks. (AC +1, EV +1)
((You are camouflaged when in or above water. (Stealth+)))
You have tentacles for arms and can constrict up to eight enemies at once.


Message History

You start resting.
HP restored.
There is an open door here.
A kobold comes into view. It is wielding a +0 whip.
You hit the kobold.
You kill the kobold!
Things that are here:
a +0 whip; a kobold corpse You open the door. 3 endoplasms come into view.
Found a hobgoblin skeleton and a rat skeleton.
A jelly and 5 endoplasms come into view.
Found three bat skeletons, a hobgoblin skeleton and a brightly glowing dagger.
The endoplasm quivers. x3
The endoplasm hits the fungus!
The fungus begins to die.
The endoplasm quivers.
There is an open door here.
Throw: 4 darts (poison)
Press: ? - help, Q - select action, (/) - cycle Shift-Dir - straight line, f - jelly
Aim: a jelly (asleep, 98% to hit)
You throw a poisoned dart. The poisoned dart hits the jelly.
The endoplasm quivers.
The endoplasm quivers.
The jelly attacks as you move away! The jelly hits you. The acid corrodes you!
You are splashed with acid!
You hit the jelly.
Your tentacles burn!
You squeeze the jelly.
The jelly is heavily wounded.
Something hits the fungus.
The fungus begins to die.
The jelly hits you.
You are splashed with acid.
You slash the jelly!
Your tentacles burn!
* * * LOW HITPOINT WARNING * * *
The jelly is almost dead.
Something hits the fungus.
The jelly hits you.
* * * LOW HITPOINT WARNING * * *
The acid corrodes you!
You are splashed with acid!
Elyvilon protects you from harm! The jelly completely misses you.
Something hits the fungus. x2
The endoplasm hits the fungus.
You hit the jelly but do no damage.
Your tentacles burn!
You die...

...#
###########.#.##.#..##.
...#
)..÷.....##.#..#.#####.
...
..J....÷J##....#.#...#.
.....P...####..#.#.#.##
...PJP..÷##......#.#...
.P.P÷J(PJ##.#....#.###.
÷.JP...JJ##...#..#(# #.
#######J# ##.......###.
##..)..@##
#............
#.########
#.÷...#######
##..'....# #........#
####....# #....#.#.#
#.......# ##..<..#.#
#.......# #...<..#.#
#.......# #.#..#.#.#
#.......# #.#..#.#.#
##.....## #....#.#.####


You could see a jelly and 4 endoplasms.

Vanquished Creatures
  3 adders (D:2)
  3 ball pythons
  5 bats
  An endoplasm (D:2)
  A giant cockroach (D:1)
  5 hobgoblins (D:1)
  A quokka (D:1)
  2 frilled lizards (D:1)
  6 goblins (D:1)
  14 kobolds
  2 rats (D:1)
43 creatures vanquished.

Vanquished Creatures (others)
  A fungus (D:2)
  10 toadstools (D:2)
11 creatures vanquished.

Grand Total: 54 creatures vanquished

Notes
Turn   | Place    | Note
-------+----------+-------------------------------------------
     0 | D:1      | Tirrikindir the Octopode Fighter began the quest for the
                  | Orb.
     0 | D:1      | Reached XP level 1. HP: 16/16 MP: 1/1
    56 | D:1      | You fall into a shaft and drop 1 floor!
   226 | D:2      | Reached XP level 2. HP: 5/21 MP: 2/2
   261 | D:2      | Found Bilahys's Distillery.
   275 | D:1      | Reached skill level 1 in Stealth
   515 | D:1      | Reached XP level 3. HP: 18/26 MP: 3/3
   765 | D:1      | Found a faded altar of an unknown god.
   768 | D:1      | Prayed at the altar of an unknown god.
   768 | D:1      | Became a worshipper of Elyvilon the Healer
   768 | D:1      | Reached * piety under Elyvilon
  1125 | D:2      | Reached XP level 4. HP: 20/31 MP: 4/4
  1392 | D:2      | Elyvilon protects you from harm!
  1393 | D:2      | Splashed by a jelly's acid

Illustrated notes

Levels and vault maps discovered:
D:1:      nzn_arrival_water_spiral, layout_rooms,
          shapermc_ecumenical_altar_mp_vishouse, minmay_vboxes
D:2:      cheibrodos_fertilizer, layout_basic, serial_shops,
          nicolae_shop_behind_doors

Skill      XL: |  1  2  3 |
---------------+----------+-----
Stealth        | 1 2 |  2.0
Fighting       | |  3.3
Long Blades    | |  2.8
Dodging        | |  3.3
Shields        | |  3.4
Invocations    | |  0.7

Action                   |  1- 3 |  4- 6 || total
-------------------------+-------+-------++-------
Melee: Long sword        |    50 |    14 ||    64
       Constrict         |    12 |     2 ||    14
       Tentacles         |    10 |     2 ||    12
Throw: Dart              |     4 |     1 ||     5
  Use: Scroll            |     5 |       ||     5
 Stab: Sleeping          |     9 |       ||     9
Armor: Skin              |     1 |       ||     1
Dodge: Dodged            |    31 |     4 ||    35
Block: Buckler           |     6 |     1 ||     7
